| TOP OF THE 1ST |
|
UCLA Bruins batting - Pitching for Rice University Owls : LHP Sergio Huerta
|
|
Pitching: LHP Sergio Huerta
|
|
|
Batting: SHB Jay Gagnon
|
0-0: Foul Ball, location: 2F 0-1: Ball 1-1: Ground out 5-3 (Groundball, 15, EV 89.4 MPH)
|
|
Batting: RHB Robby Hickman
|
0-0: Ball 1-0: Called Strike 1-1: Ball 2-1: Fly out, F5 (Popup, 5L, EV 78.8 MPH)
|
|
Batting: RHB German Quiroga
|
0-0: Called Strike 0-1: Ground out 4-3 (Groundball, 4, EV 104.4 MPH)
|
| Top of the 1st over - 0 runs, 0 hits, 0 errors, 0 left on base; UCLA 0 - Rice University 0 |
| BOTTOM OF THE 1ST |
|
Rice University Owls batting - Pitching for UCLA Bruins : LHP Ryan Watkins
|
|
Pitching: LHP Ryan Watkins
|
|
|
Batting: RHB Tony Casas
|
0-0: Called Strike 0-1: Swinging Strike 0-2: Ball 1-2: SOLO HOME RUN (Flyball, 7D, EV 106.9 MPH), Distance : 406 ft
|
|
Batting: RHB Akichika Yamano
|
0-0: Foul Ball, location: 2F 0-1: Swinging Strike 0-2: Ball 1-2: Strikes out swinging
|
|
Batting: RHB Troy Trice
|
0-0: Called Strike 0-1: Ball 1-1: Swinging Strike 1-2: Ball 2-2: Foul Ball, location: 2F 2-2: Strikes out swinging
|
|
Batting: RHB Josh Faulconer
|
0-0: Ball 1-0: Ball 2-0: Ball 3-0: Base on Balls
|
|
Batting: SHB Justin Towry
|
0-0: Called Strike 0-1: Ball 1-1: Ball 2-1: Foul Ball, location: 2F 2-2: SINGLE (Line Drive, 78S, EV 104.4 MPH) Josh Faulconer to second
|
|
Batting: RHB Mike Samson
|
0-0: Fielders Choice at 2nd, 6-4 (Groundball, 6, EV 90.0 MPH)
|
| Bottom of the 1st over - 1 run, 2 hits, 0 errors, 2 left on base; UCLA 0 - Rice University 1 |
| TOP OF THE 2ND |
|
UCLA Bruins batting - Pitching for Rice University Owls : LHP Sergio Huerta
|
|
Batting: RHB Leo Gonzalez
|
0-0: Ball 1-0: Ball 2-0: Ball 3-0: Called Strike 3-1: Foul Ball, location: 2F 3-2: Foul Ball, location: 2F 3-2: Base on Balls
|
|
Batting: LHB Chris Jackson
|
0-0: Ball 1-0: Ball 2-0: Ball 3-0: Called Strike 3-1: Swinging Strike 3-2: Grounds into double play, 6-4-3 (Groundball, 6, EV 83.8 MPH)
|
|
Batting: RHB Rusty Trader
|
0-0: DOUBLE (Line Drive, 9LS, EV 88.1 MPH)
|
|
Batting: RHB Eddie Serna
|
0-0: Called Strike 0-1: Ball 1-1: Fly out, F7 (Line Drive, 7D, EV 96.2 MPH)
|
| Top of the 2nd over - 0 runs, 1 hit, 0 errors, 1 left on base; UCLA 0 - Rice University 1 |
| BOTTOM OF THE 2ND |
|
Rice University Owls batting - Pitching for UCLA Bruins : LHP Ryan Watkins
|
|
Batting: RHB Tony Beaumond
|
0-0: Ball 1-0: Ball 2-0: Swinging Strike 2-1: Swinging Strike 2-2: Foul Ball, location: 2F 2-2: Foul Ball, location: 2F 2-2: Ball 3-2: Strikes out looking
|
|
Batting: RHB Roberto Aispuro
|
0-0: Foul Ball, location: 2F 0-1: SINGLE (Groundball, 56, EV 101.9 MPH)
|
|
Batting: RHB Toshikatsu Omori
|
0-0: Ball 1-0: Ball 2-0: Fielders Choice at 2nd, 6-4 (Groundball, 6, EV 100.0 MPH)
|
|
Batting: RHB Tony Casas
|
0-0: Called Strike 0-1: Swinging Strike 0-2: Strikes out swinging
|
| Bottom of the 2nd over - 0 runs, 1 hit, 0 errors, 1 left on base; UCLA 0 - Rice University 1 |
| TOP OF THE 3RD |
|
UCLA Bruins batting - Pitching for Rice University Owls : LHP Sergio Huerta
|
|
Batting: RHB Bill Reader
|
0-0: Ball 1-0: Called Strike 1-1: Foul Ball, location: 2F 1-2: Foul Ball, location: 2F 1-2: Foul Ball, location: 2F 1-2: Ground out 1-3 (Groundball, 13S, EV 71.2 MPH)
|
|
Batting: RHB Don Burt
|
0-0: Ground out 6-3 (Groundball, 6, EV 100.0 MPH)
|
|
Batting: SHB Jay Gagnon
|
0-0: Called Strike 0-1: Foul Ball, location: 2F 0-2: Foul Ball, location: 2F 0-2: Ball 1-2: Ball 2-2: Ground out 5-3 (Groundball, 15, EV 80.0 MPH)
|
| Top of the 3rd over - 0 runs, 0 hits, 0 errors, 0 left on base; UCLA 0 - Rice University 1 |
| BOTTOM OF THE 3RD |
|
Rice University Owls batting - Pitching for UCLA Bruins : LHP Ryan Watkins
|
|
Batting: RHB Akichika Yamano
|
0-0: Fly out, F8 (Flyball, 89M, EV 85.0 MPH)
|
|
Batting: RHB Troy Trice
|
0-0: Ball 1-0: SINGLE (Groundball, 3D, EV 101.2 MPH)
|
|
Batting: RHB Josh Faulconer
|
0-0: Called Strike 0-1: Ball 1-1: Called Strike 1-2: Foul Ball, location: 2F 1-2: Ball Wild Pitch! Troy Trice to second 2-2: Ball Wild Pitch! Troy Trice to third 3-2: Base on Balls
|
|
Batting: SHB Justin Towry
|
0-0: Foul Ball, location: 2F 0-1: Called Strike 0-2: Fielders Choice at 2nd, 6-4 (Groundball, 6, EV 91.2 MPH) Troy Trice scores
|
|
Batting: RHB Mike Samson
|
0-0: Ball 1-0: Fly out, F4 (Line Drive, 4, EV 67.5 MPH)
|
| Bottom of the 3rd over - 1 run, 1 hit, 0 errors, 1 left on base; UCLA 0 - Rice University 2 |
| TOP OF THE 4TH |
|
UCLA Bruins batting - Pitching for Rice University Owls : LHP Sergio Huerta
|
|
Batting: RHB Robby Hickman
|
0-0: Foul Ball, location: 2F 0-1: Foul Ball, location: 2F 0-2: Ball 1-2: Strikes out swinging
|
|
Batting: RHB German Quiroga
|
0-0: Called Strike 0-1: Ball 1-1: Called Strike 1-2: Foul Ball, location: 2F 1-2: Ball 2-2: Foul Ball, location: 2F 2-2: Ball 3-2: Strikes out swinging, 2-3 out at first.
|
|
Batting: RHB Leo Gonzalez
|
0-0: Ball 1-0: Foul Ball, location: 2F 1-1: Swinging Strike 1-2: Ball 2-2: Ground out 5-3 (Groundball, 56, EV 103.1 MPH)
|
| Top of the 4th over - 0 runs, 0 hits, 0 errors, 0 left on base; UCLA 0 - Rice University 2 |
| BOTTOM OF THE 4TH |
|
Rice University Owls batting - Pitching for UCLA Bruins : LHP Ryan Watkins
|
|
Batting: RHB Tony Beaumond
|
0-0: Called Strike 0-1: Called Strike 0-2: SINGLE (Groundball, 56D, EV 98.1 MPH)
|
|
Batting: RHB Roberto Aispuro
|
0-0: Called Strike 0-1: Ball 1-1: Fly out, F7 (Flyball, 78D, EV 95.6 MPH)
|
|
Batting: RHB Toshikatsu Omori
|
0-0: SINGLE (Flyball, 89S, EV 92.5 MPH) Tony Beaumond to second
|
|
Batting: RHB Tony Casas
|
0-0: Ball 1-0: Ball 2-0: Called Strike 2-1: Called Strike 2-2: Ball 3-2: Foul Ball, location: 2F 3-2: Base on Balls Tony Beaumond to third Toshikatsu Omori to second
|
|
Batting: RHB Akichika Yamano
|
0-0: Swinging Strike 0-1: Fly out, F8 (Flyball, 8RD, EV 96.2 MPH) Runner from 3rd tags up, SCORES, throw by CF Toshikatsu Omori to third
|
|
Batting: RHB Troy Trice
|
0-0: Ball 1-0: Fly out, F8 (Flyball, 78D, EV 101.2 MPH)
|
| Bottom of the 4th over - 1 run, 2 hits, 0 errors, 2 left on base; UCLA 0 - Rice University 3 |
| TOP OF THE 5TH |
|
UCLA Bruins batting - Pitching for Rice University Owls : LHP Sergio Huerta
|
|
Pitching: LHP Tyler Portier
|
|
|
Batting: LHB Chris Jackson
|
0-0: Ball 1-0: Swinging Strike 1-1: Ball 2-1: Called Strike 2-2: Ground out 6-3 (Groundball, 56D, EV 91.2 MPH)
|
|
Batting: RHB Rusty Trader
|
0-0: Called Strike 0-1: Foul Ball, location: 2F 0-2: Ball 1-2: Strikes out swinging
|
|
Batting: RHB Eddie Serna
|
0-0: Ball 1-0: Ball 2-0: Swinging Strike 2-1: Foul Ball, location: 2F 2-2: Strikes out swinging
|
| Top of the 5th over - 0 runs, 0 hits, 0 errors, 0 left on base; UCLA 0 - Rice University 3 |
| BOTTOM OF THE 5TH |
|
Rice University Owls batting - Pitching for UCLA Bruins : LHP Ryan Watkins
|
|
Pitching: RHP Chad King
|
|
|
Batting: RHB Josh Faulconer
|
0-0: Foul Ball, location: 2F 0-1: SOLO HOME RUN (Flyball, 78XD, EV 115.0 MPH), Distance : 449 ft
|
|
Batting: SHB Justin Towry
|
0-0: Ball 1-0: Called Strike 1-1: Foul Ball, location: 2F 1-2: SINGLE (Groundball, 4MD, EV 104.4 MPH)
|
|
Batting: RHB Mike Samson
|
Pickoff Throw to First - Out! 1-3 0-0: Fly out, F9 (Flyball, 9, EV 83.1 MPH)
|
|
Batting: RHB Tony Beaumond
|
0-0: Ball 1-0: Foul Ball, location: 2F 1-1: Ball 2-1: Swinging Strike 2-2: Foul Ball, location: 2F 2-2: Ball 3-2: Strikes out swinging
|
| Bottom of the 5th over - 1 run, 2 hits, 0 errors, 0 left on base; UCLA 0 - Rice University 4 |
| TOP OF THE 6TH |
|
UCLA Bruins batting - Pitching for Rice University Owls : LHP Tyler Portier
|
|
Batting: RHB Bill Reader
|
0-0: Ball 1-0: Ball 2-0: Called Strike 2-1: Swinging Strike 2-2: Strikes out swinging
|
|
Batting: RHB Don Burt
|
0-0: Ball 1-0: Called Strike 1-1: Ball 2-1: Ground out 6-3 (Groundball, 56, EV 93.8 MPH)
|
|
Batting: SHB Jay Gagnon
|
0-0: Called Strike 0-1: Ball 1-1: Swinging Strike 1-2: Strikes out swinging
|
| Top of the 6th over - 0 runs, 0 hits, 0 errors, 0 left on base; UCLA 0 - Rice University 4 |
| BOTTOM OF THE 6TH |
|
Rice University Owls batting - Pitching for UCLA Bruins : RHP Chad King
|
|
Batting: RHB Roberto Aispuro
|
0-0: Ball 1-0: Ball 2-0: Ball 3-0: Base on Balls
|
|
Batting: RHB Toshikatsu Omori
|
0-0: Ball 1-0: Ball 2-0: Called Strike 2-1: 2-RUN HOME RUN (Flyball, 7D, EV 106.9 MPH), Distance : 405 ft
|
|
Pitching: RHP Jayden Taylor
|
|
|
Batting: RHB Tony Casas
|
0-0: Swinging Strike 0-1: Fly out, F8 (Line Drive, 8RD, EV 103.8 MPH)
|
|
Pinch Hitting: LHB Mason Duffy
|
0-0: Called Strike 0-1: Foul Ball, location: 2F 0-2: Ball 1-2: Strikes out swinging
|
|
Batting: RHB Jonas Fernandez
|
0-0: Ball 1-0: Ball 2-0: Called Strike 2-1: Ground out U3 (Groundball, 34S, EV 65.0 MPH)
|
| Bottom of the 6th over - 2 runs, 1 hit, 0 errors, 0 left on base; UCLA 0 - Rice University 6 |
| TOP OF THE 7TH |
|
UCLA Bruins batting - Pitching for Rice University Owls : LHP Tyler Portier
|
|
Now in RF: Mason Duffy
|
|
|
Batting: RHB Robby Hickman
|
0-0: Called Strike 0-1: Called Strike 0-2: Foul Ball, location: 2F 0-2: Ball 1-2: Strikes out swinging
|
|
Batting: RHB German Quiroga
|
0-0: Called Strike 0-1: Swinging Strike 0-2: Strikes out swinging
|
|
Batting: RHB Leo Gonzalez
|
0-0: Ground out 5-3 (Groundball, 56, EV 107.5 MPH)
|
| Top of the 7th over - 0 runs, 0 hits, 0 errors, 0 left on base; UCLA 0 - Rice University 6 |
| BOTTOM OF THE 7TH |
|
Rice University Owls batting - Pitching for UCLA Bruins : RHP Jayden Taylor
|
|
Batting: RHB Josh Faulconer
|
0-0: Swinging Strike 0-1: Ball 1-1: Ball 2-1: Fly out, F9 (Flyball, 9D, EV 106.9 MPH)
|
|
Pinch Hitting: LHB Dominique Lecoq
|
0-0: Called Strike 0-1: Called Strike 0-2: Strikes out swinging
|
|
Batting: RHB Mike Samson
|
0-0: Called Strike 0-1: SINGLE (Line Drive, 9S, EV 101.9 MPH)
|
|
Pinch Hitting: RHB Steve Goodall
|
0-0: Ball 1-0: Foul Ball, location: 2F 1-1: 2-RUN HOME RUN (Flyball, 7D, EV 103.8 MPH), Distance : 404 ft
|
|
Batting: RHB Roberto Aispuro
|
0-0: Ground out 6-3 (Groundball, 6, EV 83.8 MPH)
|
| Bottom of the 7th over - 2 runs, 2 hits, 0 errors, 0 left on base; UCLA 0 - Rice University 8 |
| TOP OF THE 8TH |
|
UCLA Bruins batting - Pitching for Rice University Owls : LHP Tyler Portier
|
|
Pitching: RHP Cheng-ho Tai
|
|
|
Now at 2B: Dominique Lecoq
|
|
|
Now at 3B: Steve Goodall
|
|
|
Batting: LHB Chris Jackson
|
0-0: Fly out, F8 (Line Drive, 8RM, EV 85.6 MPH)
|
|
Batting: RHB Rusty Trader
|
0-0: Foul Ball, location: 2F 0-1: Swinging Strike 0-2: Ball 1-2: Foul Ball, location: 2F 1-2: Hit by Pitch
|
|
Pinch Hitting: LHB Tony Leyba
|
0-0: Called Strike 0-1: Ball 1-1: Ball 2-1: 2-RUN HOME RUN (Flyball, 8LXD, EV 115.6 MPH), Distance : 442 ft
|
|
Batting: RHB Bill Reader
|
0-0: Called Strike 0-1: Ball 1-1: Ground out 4-3 (Groundball, 4, EV 95.0 MPH)
|
|
Batting: RHB Don Burt
|
0-0: Called Strike 0-1: Ground out 4-3 (Groundball, 4, EV 79.4 MPH)
|
| Top of the 8th over - 2 runs, 1 hit, 0 errors, 0 left on base; UCLA 2 - Rice University 8 |
| BOTTOM OF THE 8TH |
|
Rice University Owls batting - Pitching for UCLA Bruins : RHP Jayden Taylor
|
|
Now at 3B: Lorenzo Diaz
|
|
|
Pinch Hitting: RHB Logan Johnson
|
0-0: Ball 1-0: Ball 2-0: Foul Ball, location: 2F 2-1: Ball 3-1: DOUBLE (Line Drive, 78D, EV 113.8 MPH)
|
|
Pinch Hitting: RHB Marco Plata
|
0-0: Ball 1-0: Called Strike 1-1: Ball 2-1: Ball 3-1: Foul Ball, location: 2F 3-2: 2-RUN HOME RUN (Flyball, 8RXD, EV 115.6 MPH), Distance : 458 ft
|
|
Pitching: RHP Manny Tienda
|
|
|
Batting: LHB Mason Duffy
|
0-0: Called Strike 0-1: Ball 1-1: Ball 2-1: DOUBLE (Line Drive, 5D, EV 93.8 MPH)
|
|
Batting: RHB Jonas Fernandez
|
0-0: Fly out, F7 (Flyball, 78M, EV 83.8 MPH)
|
|
Batting: RHB Josh Faulconer
|
0-0: SINGLE (Groundball, P, EV 86.2 MPH) (infield hit) Mason Duffy to third
|
|
Batting: LHB Dominique Lecoq
|
0-0: Ball 1-0: Foul Ball, location: 2F 1-1: Ball 2-1: Foul Ball, location: 2F 2-2: Fly out, F8 (Flyball, 78M, EV 91.9 MPH) Runner from 3rd tags up, SCORES, throw by CF
|
|
Batting: RHB Mike Samson
|
0-0: Called Strike 0-1: Ground out U3 (Groundball, 34S, EV 86.2 MPH)
|
| Bottom of the 8th over - 3 runs, 4 hits, 0 errors, 1 left on base; UCLA 2 - Rice University 11 |
| TOP OF THE 9TH |
|
UCLA Bruins batting - Pitching for Rice University Owls : RHP Cheng-ho Tai
|
|
Now at 1B: Logan Johnson
|
|
|
Now at SS: Marco Plata
|
|
|
Pinch Hitting: RHB Alex Collazo
|
0-0: Foul Ball, location: 2F 0-1: Called Strike 0-2: Ball 1-2: Ground out 3-1 (Groundball, 34, EV 108.8 MPH)
|
|
Batting: RHB Robby Hickman
|
0-0: Ball 1-0: Called Strike 1-1: Ball 2-1: Swinging Strike 2-2: Ball 3-2: Fly out, F4 (Popup, 3S, EV 76.2 MPH)
|
|
Batting: RHB Steve Errico
|
0-0: Ball 1-0: Called Strike 1-1: Called Strike 1-2: Fly out, F8 (Flyball, 8LS, EV 90.6 MPH)
|
| Top of the 9th over - 0 runs, 0 hits, 0 errors, 0 left on base; UCLA 2 - Rice University 11 |
|